| TOP OF THE 1ST |
|
University of Conneticut Huskies batting - Pitching for University of Southern California Trojans : LHP Will Creelman
|
|
Pitching: LHP Will Creelman
|
|
|
Batting: RHB Chris Bejarano
|
0-0: Ball 1-0: Called Strike 1-1: SINGLE (Flyball, 9S, EV 83.8 MPH)
|
|
Batting: RHB Bill Stern
|
0-0: Called Strike 0-1: Swinging Strike 0-2: SINGLE (Flyball, 4D, EV 91.3 MPH) Chris Bejarano to second
|
|
Batting: LHB Bill Kovac
|
0-0: Fly out, F7 (Flyball, 7LS, EV 72.5 MPH)
|
|
Batting: RHB Preston Hill
|
0-0: SINGLE (Groundball, 6MD, EV 99.4 MPH) Chris Bejarano to third Bill Stern to second
|
|
Batting: LHB Nick Rooney
|
0-0: Swinging Strike 0-1: Ball 1-1: Called Strike 1-2: Strikes out swinging
|
|
Batting: RHB Edwin Bejarano
|
0-0: Ball 1-0: Ground out 1-3 (Groundball, 13S, EV 64.4 MPH)
|
| Top of the 1st over - 0 runs, 3 hits, 0 errors, 3 left on base; University of Conneticut 0 - University of Southern California 0 |
| BOTTOM OF THE 1ST |
|
University of Southern California Trojans batting - Pitching for University of Conneticut Huskies : LHP Willie Rivera
|
|
Pitching: LHP Willie Rivera
|
|
|
Batting: RHB Joaquin Salazar
|
0-0: Ball 1-0: Foul Ball, location: 2F 1-1: Swinging Strike 1-2: Foul Ball, location: 2F 1-2: Ground out 4-3 (Groundball, 4D, EV 91.9 MPH)
|
|
Batting: RHB Carlos Livas
|
0-0: Bunt for hit to 5S - play at first, batter safe!
|
|
Batting: SHB Rodrigo Mendoza
|
0-0: Ball Carlos Livas steals 2nd, throwing error, E2 Carlos Livas to third 1-0: Ball 2-0: Swinging Strike 2-1: Foul Ball, location: 2F 2-2: Ball 3-2: Strikes out looking
|
|
Batting: RHB Jon Solis
|
0-0: Ball 1-0: Ball 2-0: Foul Ball, location: 2F 2-1: Reached on error, E2 (Groundball, 2R, EV 71.3 MPH) Carlos Livas scores
|
|
Batting: LHB Miguel Espinoza
|
0-0: SINGLE (Groundball, 6, EV 93.8 MPH) Jon Solis to second
|
|
Batting: RHB Arturo Galdamez
|
0-0: Ball 1-0: Fielders Choice at 2nd, U4 (Groundball, 4M, EV 84.4 MPH)
|
| Bottom of the 1st over - 1 run, 2 hits, 2 errors, 2 left on base; University of Conneticut 0 - University of Southern California 1 |
| TOP OF THE 2ND |
|
University of Conneticut Huskies batting - Pitching for University of Southern California Trojans : LHP Will Creelman
|
|
Batting: RHB Hector Tabares
|
0-0: Called Strike 0-1: Ground out 5-3 (Groundball, 5L, EV 81.9 MPH)
|
|
Batting: RHB Frank Pena
|
0-0: SINGLE (Groundball, 56, EV 95.0 MPH)
|
|
Batting: RHB Mario Verduzco
|
0-0: Ball 1-0: Ball 2-0: Ball 3-0: Base on Balls Frank Pena to second
|
|
Batting: RHB Chris Bejarano
|
0-0: Called Strike 0-1: Ball 1-1: Foul Ball, location: 2F 1-2: Strikes out swinging
|
|
Batting: RHB Bill Stern
|
0-0: Called Strike 0-1: Ball 1-1: Foul Ball, location: 2F 1-2: Ball 2-2: Foul Ball, location: 2F 2-2: Foul Ball, location: 2F 2-2: Strikes out swinging
|
| Top of the 2nd over - 0 runs, 1 hit, 0 errors, 2 left on base; University of Conneticut 0 - University of Southern California 1 |
| BOTTOM OF THE 2ND |
|
University of Southern California Trojans batting - Pitching for University of Conneticut Huskies : LHP Willie Rivera
|
|
Batting: LHB Alex Chairez
|
0-0: Ball 1-0: Swinging Strike 1-1: Foul Ball, location: 2F 1-2: Ball 2-2: Fly out, F7 (Flyball, 7, EV 95.6 MPH)
|
|
Batting: RHB Luis Cruz
|
0-0: Called Strike 0-1: Ball 1-1: Swinging Strike 1-2: Ball 2-2: Ball 3-2: Foul Ball, location: 2F 3-2: Strikes out swinging
|
|
Batting: RHB Albert Zaragoza
|
0-0: Ball 1-0: Foul Ball, location: 2F 1-1: Swinging Strike 1-2: Strikes out looking
|
| Bottom of the 2nd over - 0 runs, 0 hits, 0 errors, 0 left on base; University of Conneticut 0 - University of Southern California 1 |
| TOP OF THE 3RD |
|
University of Conneticut Huskies batting - Pitching for University of Southern California Trojans : LHP Will Creelman
|
|
Batting: LHB Bill Kovac
|
0-0: Ball 1-0: DOUBLE (Flyball, 78XD, EV 106.9 MPH)
|
|
Batting: RHB Preston Hill
|
0-0: Ball 1-0: Foul Ball, location: 2F 1-1: Ball 2-1: Ball 3-1: TRIPLE (Flyball, 89XD, EV 95.0 MPH) Bill Kovac scores
|
|
Batting: LHB Nick Rooney
|
0-0: Foul Ball, location: 2F 0-1: Ball 1-1: Foul Ball, location: 2F 1-2: Ball 2-2: Ball 3-2: Base on Balls
|
|
Batting: RHB Edwin Bejarano
|
0-0: Called Strike 0-1: Ball 1-1: Ball 2-1: Swinging Strike 2-2: Strikes out swinging
|
|
Batting: RHB Hector Tabares
|
0-0: Ball 1-0: Ball 2-0: Ball Wild Pitch! Preston Hill scores Nick Rooney to second 3-0: Called Strike 3-1: Ground out 5-3 (Groundball, 5S, EV 91.3 MPH)
|
|
Batting: RHB Frank Pena
|
0-0: Called Strike 0-1: Fly out, F9 (Flyball, 89S, EV 92.5 MPH)
|
| Top of the 3rd over - 2 runs, 2 hits, 0 errors, 1 left on base; University of Conneticut 2 - University of Southern California 1 |
| BOTTOM OF THE 3RD |
|
University of Southern California Trojans batting - Pitching for University of Conneticut Huskies : LHP Willie Rivera
|
|
Batting: RHB Joaquin Salazar
|
0-0: Ball 1-0: Ball 2-0: Ball 3-0: Base on Balls
|
|
Batting: RHB Carlos Livas
|
0-0: Ball Joaquin Salazar steals 2nd base (no throw) 1-0: Foul Ball, location: 2F 1-1: Swinging Strike 1-2: Strikes out swinging
|
|
Batting: SHB Rodrigo Mendoza
|
0-0: SINGLE (Groundball, 56D, EV 105.6 MPH) Joaquin Salazar to third Runner from 3rd tries for Home, SAFE, throw by LF to home
|
|
Batting: RHB Jon Solis
|
0-0: Ball 1-0: Ball Wild Pitch! Rodrigo Mendoza to second 2-0: Ball 3-0: Called Strike 3-1: Ground out 4-3 (Groundball, 4M, EV 85.6 MPH) Rodrigo Mendoza to third
|
|
Batting: LHB Miguel Espinoza
|
0-0: Called Strike 0-1: Ball 1-1: DOUBLE (Line Drive, 7LS, EV 115.0 MPH) Rodrigo Mendoza scores
|
|
Batting: RHB Arturo Galdamez
|
0-0: Ball 1-0: Swinging Strike 1-1: Foul Ball, location: 2F 1-2: Ball 2-2: Ball 3-2: Foul Ball, location: 2F 3-2: Base on Balls
|
|
Batting: LHB Alex Chairez
|
0-0: Ball 1-0: Called Strike 1-1: Ground out U3 (Groundball, 3S, EV 90.0 MPH)
|
| Bottom of the 3rd over - 2 runs, 2 hits, 0 errors, 2 left on base; University of Conneticut 2 - University of Southern California 3 |
| TOP OF THE 4TH |
|
University of Conneticut Huskies batting - Pitching for University of Southern California Trojans : LHP Will Creelman
|
|
Batting: RHB Mario Verduzco
|
0-0: Called Strike 0-1: Foul Ball, location: 2F 0-2: Ground out 1-3 (Groundball, P, EV 69.4 MPH)
|
|
Batting: RHB Chris Bejarano
|
0-0: Ball 1-0: Foul Ball, location: 2F 1-1: Swinging Strike 1-2: Ball 2-2: Foul Ball, location: 2F 2-2: Ground out 3-1 (Groundball, 34, EV 86.3 MPH)
|
|
Batting: RHB Bill Stern
|
0-0: Ball 1-0: Ball 2-0: Ball 3-0: Called Strike 3-1: Ground out U3 (Groundball, 34, EV 108.1 MPH)
|
| Top of the 4th over - 0 runs, 0 hits, 0 errors, 0 left on base; University of Conneticut 2 - University of Southern California 3 |
| BOTTOM OF THE 4TH |
|
University of Southern California Trojans batting - Pitching for University of Conneticut Huskies : LHP Willie Rivera
|
|
Batting: RHB Luis Cruz
|
0-0: Called Strike 0-1: Ground out 6-3 (Groundball, 6, EV 85.6 MPH)
|
|
Batting: RHB Albert Zaragoza
|
0-0: Ball 1-0: Called Strike 1-1: Called Strike 1-2: Ball 2-2: Ball 3-2: Base on Balls
|
|
Batting: RHB Joaquin Salazar
|
0-0: Foul Ball, location: 2F 0-1: Ball 1-1: TRIPLE (Line Drive, 8LXD, EV 108.8 MPH) Albert Zaragoza scores
|
|
Batting: RHB Carlos Livas
|
0-0: Ball 1-0: Ball 2-0: DOUBLE (Flyball, 89D, EV 103.8 MPH) Joaquin Salazar scores
|
|
Pitching: LHP Ernesto Ruiz
|
|
|
Batting: SHB Rodrigo Mendoza
|
0-0: Swinging Strike 0-1: Called Strike 0-2: Strikes out swinging
|
|
Batting: RHB Jon Solis
|
0-0: Ball 1-0: Swinging Strike 1-1: Ball 2-1: Swinging Strike 2-2: Foul Ball, location: 2F 2-2: Strikes out swinging
|
| Bottom of the 4th over - 2 runs, 2 hits, 0 errors, 1 left on base; University of Conneticut 2 - University of Southern California 5 |
| TOP OF THE 5TH |
|
University of Conneticut Huskies batting - Pitching for University of Southern California Trojans : LHP Will Creelman
|
|
Batting: LHB Bill Kovac
|
0-0: Called Strike 0-1: Ball 1-1: Ball 2-1: SINGLE (Line Drive, 6MD, EV 102.5 MPH)
|
|
Pitching: RHP Eddie Magallanes
|
|
|
Batting: RHB Preston Hill
|
0-0: Ball 1-0: Ball 2-0: TRIPLE (Flyball, 89XD, EV 94.4 MPH) Bill Kovac scores
|
|
Batting: LHB Nick Rooney
|
0-0: Ball 1-0: Called Strike 1-1: Ball 2-1: Foul Ball, location: 2F 2-2: SINGLE (Line Drive, 9S, EV 95.0 MPH) Preston Hill scores
|
|
Pinch Hitting: LHB Alex Ordonez
|
0-0: Ball 1-0: Foul Ball, location: 2F 1-1: Swinging Strike 1-2: Strikes out swinging
|
|
Pinch Hitting: LHB Fumito Sakurai
|
0-0: Ball Nick Rooney steals 2nd base 1-0: Ground out 4-3 (Groundball, 4, EV 107.5 MPH) Nick Rooney to third
|
|
Batting: RHB Frank Pena
|
0-0: Ground out 4-3 (Groundball, 4, EV 103.8 MPH)
|
| Top of the 5th over - 2 runs, 3 hits, 0 errors, 1 left on base; University of Conneticut 4 - University of Southern California 5 |
| BOTTOM OF THE 5TH |
|
University of Southern California Trojans batting - Pitching for University of Conneticut Huskies : LHP Ernesto Ruiz
|
|
Now at 3B: Jose Aguiniga
|
|
|
Now at SS: Marco Castillo
|
|
|
Batting: LHB Miguel Espinoza
|
0-0: Ground out 5-3 (Groundball, 5, EV 84.4 MPH)
|
|
Batting: RHB Arturo Galdamez
|
0-0: Ball 1-0: Ball 2-0: Ground out 1-3 (Groundball, 34S, EV 71.3 MPH)
|
|
Batting: LHB Alex Chairez
|
0-0: Called Strike 0-1: Ball 1-1: Ball 2-1: Ball 3-1: Foul Ball, location: 2F 3-2: Foul Ball, location: 2F 3-2: Base on Balls
|
|
Batting: RHB Luis Cruz
|
0-0: Ball 1-0: Ball 2-0: Ball 3-0: SINGLE (Groundball, 25, EV 71.3 MPH) (infield hit) Alex Chairez to second
|
|
Batting: RHB Albert Zaragoza
|
0-0: Called Strike 0-1: Ball 1-1: Ground out U3 (Groundball, 3L, EV 103.1 MPH)
|
| Bottom of the 5th over - 0 runs, 1 hit, 0 errors, 2 left on base; University of Conneticut 4 - University of Southern California 5 |
| TOP OF THE 6TH |
|
University of Conneticut Huskies batting - Pitching for University of Southern California Trojans : RHP Eddie Magallanes
|
|
Batting: RHB Mario Verduzco
|
0-0: Ball 1-0: Foul Ball, location: 2F 1-1: Ball 2-1: Called Strike 2-2: Strikes out swinging
|
|
Pinch Hitting: LHB Mario Cornejo
|
0-0: Ground out 4-3 (Groundball, 4, EV 97.5 MPH)
|
|
Batting: SHB Matt Boeckman
|
0-0: Ground out 6-3 (Groundball, 6S, EV 86.3 MPH)
|
| Top of the 6th over - 0 runs, 0 hits, 0 errors, 0 left on base; University of Conneticut 4 - University of Southern California 5 |
| BOTTOM OF THE 6TH |
|
University of Southern California Trojans batting - Pitching for University of Conneticut Huskies : LHP Ernesto Ruiz
|
|
Now in CF: Michael Youngberry
|
|
|
Batting: RHB Joaquin Salazar
|
0-0: Ground out 1-3 (Groundball, 15S, EV 63.8 MPH)
|
|
Batting: RHB Carlos Livas
|
0-0: DOUBLE (Groundball, 5L, EV 102.5 MPH)
|
|
Batting: SHB Rodrigo Mendoza
|
0-0: Ball 1-0: Ball 2-0: Fly out, F9 (Flyball, 89D, EV 100.0 MPH) Runner from 2nd tags up, SAFE at 3rd, no throw by RF
|
|
Batting: RHB Jon Solis
|
0-0: Intentional Walk
|
|
Batting: LHB Miguel Espinoza
|
0-0: Ball 1-0: Called Strike 1-1: Ball 2-1: Fly out, F7 (Flyball, 78M, EV 90.6 MPH)
|
| Bottom of the 6th over - 0 runs, 1 hit, 0 errors, 2 left on base; University of Conneticut 4 - University of Southern California 5 |
| TOP OF THE 7TH |
|
University of Conneticut Huskies batting - Pitching for University of Southern California Trojans : RHP Eddie Magallanes
|
|
Pinch Hitting: RHB Kelly Hinckle
|
0-0: Ball 1-0: Foul Ball, location: 2F 1-1: Foul Ball, location: 2F 1-2: Foul Ball, location: 2F 1-2: DOUBLE (Line Drive, 5D, EV 101.3 MPH)
|
|
Batting: RHB Preston Hill
|
0-0: Ball 1-0: Ball 2-0: Called Strike 2-1: Ground out 4-3 (Groundball, 4, EV 105.0 MPH) Kelly Hinckle to third
|
|
Batting: LHB Nick Rooney
|
0-0: Called Strike 0-1: Foul Ball, location: 2F 0-2: Foul Ball, location: 2F 0-2: SINGLE (Groundball, 34, EV 103.8 MPH) Kelly Hinckle scores
|
|
Pinch Hitting: LHB Jeremy Lynch
|
0-0: Foul Ball, location: 2F 0-1: Called Strike Nick Rooney steals 2nd base 0-2: SINGLE (Line Drive, 8LS, EV 96.9 MPH) Nick Rooney to third
|
|
Pinch Hitting: SHB Domingo Restrepo
|
0-0: Ball 1-0: Ball 2-0: Ball 3-0: Base on Balls Jeremy Lynch to second
|
|
Batting: RHB Frank Pena
|
0-0: Called Strike 0-1: Ball 1-1: Swinging Strike 1-2: Strikes out swinging
|
|
Pitching: LHP Jerry Tyson
|
|
|
Pinch Hitting: RHB Victor Contreras
|
0-0: Swinging Strike 0-1: Ball 1-1: Foul Ball, location: 2F 1-2: Ball 2-2: Ball 3-2: Base on Balls Nick Rooney scores Jeremy Lynch to third Domingo Restrepo to second
|
|
Batting: RHB Michael Youngberry
|
0-0: Called Strike 0-1: SINGLE (Flyball, 89S, EV 93.8 MPH) Jeremy Lynch scores Domingo Restrepo to third Victor Contreras to second Runner from 3rd tries for Home, SAFE, throw by RF to home
|
|
Batting: SHB Matt Boeckman
|
0-0: Fly out, F2 (Popup, 23F, EV 86.9 MPH)
|
| Top of the 7th over - 4 runs, 4 hits, 0 errors, 2 left on base; University of Conneticut 8 - University of Southern California 5 |
| BOTTOM OF THE 7TH |
|
University of Southern California Trojans batting - Pitching for University of Conneticut Huskies : LHP Ernesto Ruiz
|
|
Now at 2B: Scott Webb
|
|
|
Now at 3B: Devon House
|
|
|
Now at SS: Josh LaBree
|
|
|
Now in LF: Mostafa Alinejad
|
|
|
Batting: RHB Arturo Galdamez
|
0-0: Ball 1-0: Fly out, F4 (Popup, 4MD, EV 54.4 MPH)
|
|
Batting: LHB Alex Chairez
|
0-0: Called Strike 0-1: Ground out U3 (Groundball, 34, EV 81.3 MPH)
|
|
Batting: RHB Luis Cruz
|
0-0: Ball 1-0: Called Strike 1-1: Foul Ball, location: 2F 1-2: Ball 2-2: Ball 3-2: Foul Ball, location: 2F 3-2: Reached on error, E5 (Groundball, 56S, EV 85.6 MPH)
|
|
Batting: RHB Albert Zaragoza
|
0-0: Called Strike 0-1: Ball 1-1: Foul Ball, location: 2F 1-2: Strikes out looking
|
| Bottom of the 7th over - 0 runs, 0 hits, 1 error, 1 left on base; University of Conneticut 8 - University of Southern California 5 |
| TOP OF THE 8TH |
|
University of Conneticut Huskies batting - Pitching for University of Southern California Trojans : LHP Jerry Tyson
|
|
Batting: RHB Mostafa Alinejad
|
0-0: Called Strike 0-1: SOLO HOME RUN (Flyball, 7LD, EV 98.8 MPH), Distance : 381 ft
|
|
Batting: RHB Preston Hill
|
0-0: Ball 1-0: Ball 2-0: Ground out 6-3 (Groundball, 6, EV 80.0 MPH)
|
|
Batting: LHB Nick Rooney
|
0-0: Called Strike 0-1: Ball 1-1: Foul Ball, location: 2F 1-2: Ball 2-2: Foul Ball, location: 2F 2-2: SINGLE (Groundball, 5S, EV 64.4 MPH) (infield hit)
|
|
Batting: RHB Scott Webb
|
0-0: Ball 1-0: Foul Ball, location: 2F 1-1: Ball 2-1: Called Strike 2-2: Ground out 5-3 (Groundball, 56S, EV 71.3 MPH) Nick Rooney to second
|
|
Batting: RHB Josh LaBree
|
0-0: Foul Ball, location: 2F 0-1: Fly out, F9 (Flyball, 89S, EV 93.1 MPH)
|
| Top of the 8th over - 1 run, 2 hits, 0 errors, 1 left on base; University of Conneticut 9 - University of Southern California 5 |
| BOTTOM OF THE 8TH |
|
University of Southern California Trojans batting - Pitching for University of Conneticut Huskies : LHP Ernesto Ruiz
|
|
Pitching: LHP Josh Hubbard
|
|
|
Batting: RHB Joaquin Salazar
|
0-0: Ball 1-0: Ball 2-0: Called Strike 2-1: Foul Ball, location: 2F 2-2: Strikes out swinging
|
|
Batting: RHB Carlos Livas
|
0-0: Ball 1-0: Ball 2-0: Swinging Strike 2-1: Ball 3-1: Base on Balls
|
|
Batting: SHB Rodrigo Mendoza
|
0-0: Ball Pickoff Throw to First - Error! E1 Carlos Livas to second 1-0: Ball 2-0: Ground out 6-3 (Groundball, 6, EV 103.8 MPH)
|
|
Batting: RHB Jon Solis
|
0-0: Swinging Strike 0-1: Ball 1-1: Ball 2-1: Called Strike 2-2: Strikes out looking
|
| Bottom of the 8th over - 0 runs, 0 hits, 1 error, 1 left on base; University of Conneticut 9 - University of Southern California 5 |
| TOP OF THE 9TH |
|
University of Conneticut Huskies batting - Pitching for University of Southern California Trojans : LHP Jerry Tyson
|
|
Pitching: RHP Chris Santos
|
|
|
Batting: RHB Frank Pena
|
0-0: Ball 1-0: Called Strike 1-1: Ball 2-1: Foul Ball, location: 2F 2-2: Foul Ball, location: 2F 2-2: Ground out 1-3 (Groundball, 15S, EV 76.3 MPH)
|
|
Pinch Hitting: LHB Miguel Espinal
|
0-0: Ball 1-0: Foul Ball, location: 2F 1-1: Ball 2-1: Ball 3-1: Base on Balls
|
|
Batting: RHB Michael Youngberry
|
0-0: Ball Passed Ball! Miguel Espinal to second 1-0: Ball 2-0: Ball 3-0: Called Strike 3-1: Base on Balls
|
|
Batting: SHB Matt Boeckman
|
0-0: Swinging Strike 0-1: Foul Ball, location: 2F 0-2: Foul Ball, location: 2F 0-2: Strikes out looking
|
|
Batting: RHB Mostafa Alinejad
|
0-0: Foul Ball, location: 2F 0-1: Foul Ball, location: 2F 0-2: Ball 1-2: Strikes out swinging
|
| Top of the 9th over - 0 runs, 0 hits, 0 errors, 2 left on base; University of Conneticut 9 - University of Southern California 5 |
| BOTTOM OF THE 9TH |
|
University of Southern California Trojans batting - Pitching for University of Conneticut Huskies : LHP Josh Hubbard
|
|
Now at 3B: Paul Lenglet
|
|
|
Batting: LHB Miguel Espinoza
|
0-0: Ball 1-0: Ground out 1-3 (Groundball, 15S, EV 63.8 MPH)
|
|
Batting: RHB Arturo Galdamez
|
0-0: Ball 1-0: Ball 2-0: Ball 3-0: Base on Balls
|
|
Pinch Hitting: RHB Carlos Gonzalez
|
0-0: Ball 1-0: Ball 2-0: Ball 3-0: Base on Balls Arturo Galdamez to second
|
|
Pitching: RHP Chris Kroesen
|
|
|
Pinch Hitting: LHB Armando Arellano
|
0-0: Foul Ball, location: 2F 0-1: Ball 1-1: Fly out, F9 (Line Drive, 9, EV 90.6 MPH)
|
|
Pinch Hitting: RHB Jimmy McIntosh
|
0-0: Swinging Strike 0-1: Ball 1-1: Called Strike 1-2: Strikes out swinging
|
| Bottom of the 9th over - 0 runs, 0 hits, 0 errors, 2 left on base; University of Conneticut 9 - University of Southern California 5 |
|